 Dungeon Crawl Stone Soup version 0.31-a0-259-g771a54ca4b (webtiles) character file.

Game seed: 9640139784780164691

25 qw the Shooter (level 3, 0/21 HPs)
             Began as a Gargoyle Hexslinger on July 13, 2023.
             Slain by a kobold
             ... wielding a +0 short sword
              (4 damage)
             ... on level 1 of the Dungeon.
             The game lasted 00:00:31 (929 turns).

qw the Shooter (Gargoyle Hexslinger)                 Turns: 929, Time: 00:00:31

Health: 0/21       AC:  8    Str: 11    XL:     3   Next: 4%
Magic:  4/4        EV: 10    Int: 13    God:
Gold:   24         SH:  0    Dex: 14    Spells: 3/4 levels left

rFire   . . .        Y - +2 sling
rCold   . . .        (no shield)
rNeg    + . .        d - +0 ring mail
rPois   inf          (no helmet)
rElec   +            (no cloak)
rCorr   .            (no gloves)
SInv    .            (no boots)
Will    .....        e - amulet of the acrobat
Stlth   +            (no ring)
HPRegen 0.23/turn    (no ring)
MPRegen 0.09/turn

%: acrobat
@: no status effects
A: sickness immunity, AC +3, negative energy resistance 1, electricity
resistance, torment resistance 1, petrification resistance
a: no special abilities


You were on level 1 of the Dungeon.
You visited 1 branch of the dungeon, and saw 1 of its levels.

You collected 24 gold pieces.


Innate Abilities, Weirdness & Mutations

You are immune to sickness and miasma.
Your stone body is resilient. (AC +3)
You are immune to poison.
You resist negative energy. (rN+)
You are resistant to electric shocks. (rElec)
You are resistant to unholy torment.
You are immune to petrification.


   Skills:
 - Level 2.0 Fighting
 + Level 3.0 Ranged Weapons
 - Level 1.5 Dodging
 - Level 1.0 Spellcasting
 - Level 2.6 Hexes


You had 3 spell levels left.
You knew the following spells:

 Your Spells              Type           Power      Damage    Failure   Level
a - Slow                  Hex            28%        N/A       22%         1

Your spell library contained the following spells:

 Spells                   Type           Power      Damage    Failure   Level
 Inner Flame              Hex/Fire       4%         N/A       75%         3
 Portal Projectile        Hex/Tloc       8%         N/A       75%         3
 Cause Fear               Hex            3%         N/A       92%         4

Inventory:

Hand Weapons
 Y - a +2 sling (weapon)
Armour
 d - a +0 ring mail (worn)
Jewellery
 e - an amulet of the acrobat (around neck)
 g - a +6 ring of intelligence
 h - an amulet of guardian spirit
Scrolls
 a - 2 scrolls of identify {unknown}
 b - a scroll of brand weapon {unknown}
 c - a scroll of teleportation {unknown}
Potions
 f - a potion of ambrosia {unknown}

Dungeon Overview and Level Annotations

Branches:
Dungeon (1/15)

Altars:


Message History

You shoot a sling bullet. The sling bullet hits the kobold.
The kobold is heavily wounded.
You hear an angry hiss.
The kobold hits you with a +0 short sword.
The kobold closely misses you.
A frilled lizard comes into view.
The kobold hits you but does no damage. The kobold hits you with a +0 dagger.
The frilled lizard moves out of view.
You shoot a sling bullet.
The sling bullet closely misses the kobold.
The kobold hits you but does no damage. x2
You shoot a sling bullet. The sling bullet hits the kobold.
You kill the kobold!
The kobold closely misses you.
Your Fighting skill increases to level 2!
You have reached level 3!
Your experience leads to an increase in your attributes!
Increase (S)trength, (I)ntelligence, or (D)exterity?
You feel agile. x2
You shoot a sling bullet.
The sling bullet completely misses the frilled lizard.
The kobold misses you. The frilled lizard closely misses you.
The kobold hits you but does no damage. The frilled lizard barely misses you.
You shoot a sling bullet.
The sling bullet misses the frilled lizard.
The kobold hits you but does no damage.
The frilled lizard bites you but does no damage.
You shoot a sling bullet.
The sling bullet barely misses the frilled lizard.
The kobold hits you with a +0 short sword.
The frilled lizard bites you but does no damage.
You shoot a sling bullet.
The sling bullet hits the frilled lizard.
You kill the frilled lizard!
The kobold hits you but does no damage. The kobold closely misses you.
The frilled lizard bites you but does no damage.
You shoot a sling bullet.
The sling bullet barely misses the frilled lizard.
The kobold hits you with a +0 short sword.
You die...

#.# #.#.P777PP### #...#
#.# #.#.P7777## #..##
###.###.##.PPP.# #..#
........##..P..# #..#
.#####..###.P#.# #### .#
#..# ####.### .# #..#
#....# .# #.######.#.## #
.#####........#.@# #
.......#########Kl.%..ยค.
# ######## ###......
P#.... P ... P7 #


You could see a kobold and a frilled lizard.

Vanquished Creatures
  A dart slug (D:1)
  2 bats (D:1)
  3 endoplasms (D:1)
  A giant cockroach (D:1)
  A hobgoblin (D:1)
  6 kobolds (D:1)
  2 ball pythons (D:1)
  A frilled lizard (D:1)
  2 goblins (D:1)
  3 rats (D:1)
22 creatures vanquished.

Notes
Turn   | Place    | Note
-------+----------+-------------------------------------------
     0 | D:1      | qw the Gargoyle Hexslinger began the quest for the Orb.
     0 | D:1      | Reached XP level 1. HP: 12/12 MP: 2/2
     0 | D:1      | 0 ||| qw: Version: 0.3-a-52-g30416fa
     0 | D:1      | 0 ||| qw: Game counter: 6956
     0 | D:1      | 0 ||| qw: Melee chars always use a shield: true
     0 | D:1      | 0 ||| qw: God list: Okawaru
     0 | D:1      | 0 ||| qw: Allow faded altars: false
     0 | D:1      | 0 ||| qw: Do Orc after clearing Dungeon:15 true
     0 | D:1      | 0 ||| qw: Do second Lair branch before Depths: true
     0 | D:1      | 0 ||| qw: Lair rune preference: random
     0 | D:1      | 0 ||| qw: Goals: Normal
     0 | D:1      | 0 ||| PLANNING D:1-11
    32 | D:1      | 32 ||| FLEEEEING.
   137 | D:1      | 137 ||| UPGRADING to +0 ring mail.
   157 | D:1      | 157 ||| DROPPING +0 robe.
   168 | D:1      | 168 ||| UPGRADING to amulet of the acrobat.
   183 | D:1      | 183 ||| READING scroll labelled IJANIN ERREDA.
   194 | D:1      | 194 ||| DROPPING scroll of poison.
   237 | D:1      | Reached XP level 2. HP: 16/16 MP: 3/3
   476 | D:1      | Reached skill level 3 in Ranged Weapons
   922 | D:1      | HP: 2/17 [kobold/+0 dagger (3)]
   925 | D:1      | Reached XP level 3. HP: 4/21 MP: 4/4
   927 | D:1      | HP: 4/21 [kobold/+0 short sword (1)]
   929 | D:1      | Slain by a kobold

Levels and vault maps discovered:
D:1:      onia_arrival_handbag, layout_loops_ring, serial_forest,
          infiniplex_forest_3_way, infiniplex_forest_side_room,
          infiniplex_forest_straight_4, infiniplex_forest_clump_medium,
          infiniplex_forest_clump_long, infiniplex_forest_clump_cross,
          infiniplex_forest_clump_small, infiniplex_forest_end_1,
          infiniplex_forest_clump_medium, lexackson_kobold_supper

Skill      XL: |  1  2 |
---------------+-------+-----
Ranged Weapons | 3 |  3.0
Fighting       | 2 |  2.0
Dodging        | |  1.5
Spellcasting   | |  1.0
Hexes          | |  2.6

Action                     || total
---------------------------++-------
   Fire: Sling             ||    78
    Use: Scroll            ||     1
 Armour: Ring mail         ||    32
         Robe              ||     2
  Dodge: Dodged            ||    37

Table legend:
 A = Non-vault XP
 B = Vault XP
 C = Vault XP percentage of total XP
 D = Non-vault monster count
 E = Vault monster count
 F = Vault count percentage of total count
                 A         B        C        D         E       F
            +---------+---------+-------+---------+---------+-------
      Total |      24 |      12 |  33.3 |      13 |       9 |  40.9
            +---------+---------+-------+---------+---------+-------
        D:1 |      24 |      12 |  33.3 |      13 |       9 |  40.9
            +---------+---------+-------+---------+---------+-------
